Arizona Coyotes vs Los Angeles Kings

Created - Tuesday, January 20, 2026 at 08:14

Goals
1 2 3 T
Arizona Coyotes 1 1 1 3
Los Angeles Kings 2 1 2 5
Shots
1 2 3 T
Arizona Coyotes 11 15 9 35
Los Angeles Kings 8 7 9 24

1st period

1. Los Angeles Kings , Matthew Boldy 1 (Adam Fantilli 3, Ryan Suter 3) at 9:43
2. Arizona Coyotes , Charlie Coyle 2 (Kiefer Sherwood 2, Vladimir Tarasenko 2) at 10:14
3. Los Angeles Kings , Logan Cooley 3 (MacKenzie Weegar 2, Matthew Boldy 2) at 18:55

Penalties :
Andrei Vasilevskiy (LAK) for Slashing (Minor) at 15:38 - Matthew Boldy served the penalty

2nd period

4. Los Angeles Kings , Seth Jarvis 1 (Matthew Boldy 3, Andrei Kuzmenko 4) at 11:50
5. Arizona Coyotes , Tyler Bertuzzi 3 (Mats Zuccarello 4) at 13:49 (PP)

Penalties :
Logan Cooley (LAK) for Slashing (Minor) at 5:02, Matthew Boldy (LAK) for Delaying the game (Minor) at 13:18, Brayden McNabb (AZC) for Diving (Minor) at 16:16

3rd period

6. Arizona Coyotes , Vladimir Tarasenko 1 (Jared Spurgeon 2, Ryan Donato 2) at 0:25
7. Los Angeles Kings , Andrei Kuzmenko 2 (Adam Fantilli 4, Andrei Svechnikov 5) at 11:43
8. Los Angeles Kings , Seth Jarvis 2 (Matthew Boldy 4, Logan Cooley 1) at 19:25 (Empty Net)

Penalties :
Ryan Suter (LAK) for Interference (Minor) at 0:30, Aliaksei Protas (AZC) for Tripping (Minor) at 11:48, Brayden McNabb (AZC) for Tripping (Minor) at 17:06

Goalie Stats

Elvis Merzlikins (AZC), 19 saves from 23 shots - (0.826), L, 4-2-0, 59:42 minutes
Andrei Vasilevskiy (LAK), 32 saves from 35 shots - (0.914), W, 2-1-0, 60:00 minutes

Players Stats for Arizona Coyotes

Player Name              G  A  P  +/- PIM S  H  SB GA TA FO     MP     PP MP  PK MP  
------------------------------------------------------------------------------------
Aliaksei Protas          0  0  0   0  2   5  2  0  1  0  7/16   15:46   2:29   0:09 
Anders Lee               0  0  0  -3  0   4  1  1  2  0  1/1    19:09   3:06   1:51 
Brayden McNabb           0  0  0   0  4   0  1  0  1  1  0/0    20:17   3:11   0:46 
Charlie Coyle            1  0  1  -3  0   2  0  1  0  1  10/19  19:09   3:06   1:51 
Erik Haula               0  0  0   0  0   2  0  0  0  0  3/5     8:01   0:12   0:00 
Jared Spurgeon           0  1  1   0  0   2  1  2  0  1  0/0    22:42   3:11   3:05 
Johnathan Kovacevic      0  0  0  -1  0   1  3  1  0  1  0/0    25:01   2:43   2:41 
Kiefer Sherwood          0  1  1  -3  0   3  2  0  1  0  2/4    19:33   3:06   2:14 
Mason McTavish           0  0  0   0  0   2  3  0  0  0  4/12   14:10   0:44   0:59 
Mats Zuccarello          0  1  1   0  0   3  1  0  1  0  0/0    18:46   2:40   2:54 
Matt Dumba               0  0  0  -1  0   0  0  0  0  2  0/0    13:57   0:34   1:54 
Nick Seeler              0  0  0  -2  0   0  3  0  0  1  0/0    12:59   0:34   0:36 
Ondrej Palat             0  0  0   0  0   1  1  0  0  0  0/0     8:28   0:39   0:00 
Radko Gudas              0  0  0  -2  0   1  2  0  0  1  0/0    25:15   2:43   2:52 
Ross Colton              0  0  0   0  0   2  0  0  0  1  0/0     7:49   0:00   0:00 
Ryan Donato              0  1  1   0  0   2  0  0  1  0  0/0    13:35   0:41   0:42 
Tyler Bertuzzi           1  0  1   0  0   4  5  0  0  0  1/1    15:35   2:29   0:00 
Vladimir Tarasenko       1  1  2   0  0   1  0  1  0  1  0/1    13:48   0:12   1:14 

Players Stats for Los Angeles Kings

Player Name              G  A  P  +/- PIM S  H  SB GA TA FO     MP     PP MP  PK MP  
------------------------------------------------------------------------------------
Adam Fantilli            0  2  2   1  0   4  0  1  1  0  5/11   17:13   2:48   0:18 
Alexander Romanov        0  0  0   1  0   1  0  0  0  1  0/0    13:19   0:00   0:00 
Andrei Kuzmenko          1  1  2   1  0   1  1  0  0  0  0/1    18:04   2:54   0:53 
Andrei Svechnikov        0  1  1   1  0   4  1  0  2  1  1/2    19:11   2:48   2:16 
Charlie McAvoy           0  0  0   2  0   0  1  0  0  0  0/0    21:18   2:46   3:49 
Cooper Marody            0  0  0  -2  0   0  0  0  0  1  0/0     7:48   0:44   0:29 
Jackson Blake            0  0  0   0  0   2  0  0  1  0  0/1    12:14   0:00   0:00 
Jakub Zboril             0  0  0   1  0   1  0  0  0  0  0/0    14:06   0:00   0:47 
Jansen Harkins           0  0  0   0  0   1  2  1  3  0  8/10   13:47   0:56   0:00 
Joseph Veleno            0  0  0  -2  0   1  0  0  0  0  2/4     9:21   0:16   1:55 
K'Andre Miller           0  0  0   0  0   0  3  2  1  1  0/0    25:43   3:11   2:54 
Logan Cooley             1  1  2   4  2   1  0  2  0  1  0/1    18:22   2:13   2:11 
MacKenzie Weegar         0  1  1   0  0   1  2  2  1  0  0/0    25:23   3:11   2:39 
Matthew Boldy            1  3  4   4  2   5  1  0  0  0  2/3    18:04   2:13   1:53 
Mikey Eyssimont          0  0  0   0  0   0  0  0  0  0  0/0     2:36   0:46   0:00 
Ryan Suter               0  1  1   2  2   0  3  0  0  2  0/0    20:15   2:46   2:47 
Seth Jarvis              2  0  2   2  0   2  0  2  1  0  13/26  24:31   2:13   3:01 
Vitali Kravtsov          0  0  0   0  0   0  1  0  0  0  0/0    12:14   0:00   0:00 

3 Stars

1 - Matthew Boldy (LAK)
2 - Seth Jarvis (LAK)
3 - Logan Cooley (LAK)

Power Play

Arizona Coyotes - 1 on 4 Attempt(s) - 25.00%
Los Angeles Kings - 0 on 3 Attempt(s) - 0.00%

Penalty Kill

Arizona Coyotes - 3 on 3 Attempt(s) - 100.00% - Score 0 goal in Penalty Kill
Los Angeles Kings - 3 on 4 Attempt(s) - 75.00% - Score 0 goal in Penalty Kill

Team Stat

Arizona Coyotes - Hits : 25 - Faceoff Wins : 28 - Blocked Shots : 6 - Penalty Minutes : 6
Los Angeles Kings - Hits : 15 - Faceoff Wins : 31 - Blocked Shots : 10 - Penalty Minutes : 8

Official

Referees : Carter Sandlak and Chris Lee
Linesman : Julien Fournier and Kiel Murchison

Game Notes

Seth Jarvis has scored in a empty net!

Finance

Level 1 -- Attendance: 5543 (92.38%) -- Ticket Income $498,870
Level 2 -- Attendance: 5000 (100.00%) -- Ticket Income $250,000
Level 3 -- Attendance: 2722 (90.73%) -- Ticket Income $81,660
Level 4 -- Attendance: 4554 (91.08%) -- Ticket Income $91,080
Luxury Box -- Attendance: 927 (92.70%) -- Ticket Income $176,130
Game was played at the Staples Center.
Total Attendance: 18746 (93.73%)
Total Ticket Income: $1,097,740
Other Income: $384,209
Total Income: $1,481,949

Arizona Coyotes

5 vs 5 Forward 
   Center                   Left Wing                Right Wing               Time % Phy DF OF 
 1 Charlie Coyle            Anders Lee               Kiefer Sherwood          30     1   2  2  
 2 Aliaksei Protas          Mats Zuccarello          Tyler Bertuzzi           30     1   2  2  
 3 Mason McTavish           Ryan Donato              Vladimir Tarasenko       25     1   2  2  
 4 Erik Haula               Ross Colton              Ondrej Palat             15     1   2  2  

5 vs 5 Defense 
   Defense                  Defense                                           Time % Phy DF OF 
 1 Radko Gudas              Johnathan Kovacevic                               35     1   2  2  
 2 Brayden McNabb           Jared Spurgeon                                    33     1   2  2  
 3 Nick Seeler              Matt Dumba                                        22     1   2  2  
 4 Radko Gudas              Johnathan Kovacevic                               10     1   2  2  

PowerPlay Forward 
   Center                   Left Wing                Right Wing               Time % Phy DF OF 
 1 Charlie Coyle            Anders Lee               Kiefer Sherwood          50     1   2  2  
 2 Aliaksei Protas          Mats Zuccarello          Tyler Bertuzzi           50     1   2  2  

PowerPlay Defense
   Defense                  Defense                                           Time % Phy DF OF 
 1 Radko Gudas              Johnathan Kovacevic                               50     1   2  2  
 2 Brayden McNabb           Jared Spurgeon                                    50     1   2  2  

Penalty Kill 4 Players Forward 
   Center                   Wing                     Time % Phy DF OF 
 1 Anders Lee               Charlie Coyle            50     1   2  2  
 2 Kiefer Sherwood          Mats Zuccarello          50     1   2  2  

Penalty Kill 4 Players Defense
   Defense                  Defense                  Time % Phy DF OF 
 1 Radko Gudas              Johnathan Kovacevic      50     1   2  2  
 2 Brayden McNabb           Jared Spurgeon           50     1   2  2  

Penalty Kill - 3 Players Forward 
   Forward                                           Time % Phy DF OF 
 1 Anders Lee                                        50     1   2  2  
 2 Charlie Coyle                                     50     1   2  2  

Penalty Kill - 3 Players Defense
   Defense                  Defense                  Time % Phy DF OF 
 1 Radko Gudas              Johnathan Kovacevic      50     1   2  2  
 2 Brayden McNabb           Jared Spurgeon           50     1   2  2  

4 vs 4 Forward 
   Center                   Wing                     Time % Phy DF OF 
 1 Anders Lee               Charlie Coyle            50     1   2  2  
 2 Kiefer Sherwood          Mats Zuccarello          50     1   2  2  

4 vs 4 Defense
   Defense                  Defense                  Time % Phy DF OF 
 1 Radko Gudas              Johnathan Kovacevic      50     1   2  2  
 2 Brayden McNabb           Jared Spurgeon           50     1   2  2  

Last Minutes Offensive
   Center                   Left Wing                Right Wing               Defense                  Defense                  
   Charlie Coyle            Anders Lee               Kiefer Sherwood          Radko Gudas              Johnathan Kovacevic      

Last Minutes Defensive
   Center                   Left Wing                Right Wing               Defense                  Defense                  
   Charlie Coyle            Anders Lee               Kiefer Sherwood          Radko Gudas              Johnathan Kovacevic      

Goaltenders
Starting : Elvis Merzlikins         
Backup : Tristan Jarry            

Extra Forwards
Normal : Mason McTavish, Ryan Donato, Vladimir Tarasenko - PP : Mason McTavish, Ryan Donato - PK : Vladimir Tarasenko
Extra Defensemen
Normal : Nick Seeler, Radko Gudas, Brayden McNabb - PP : Nick Seeler - PK : Johnathan Kovacevic, Brayden McNabb
Penalty Shots
Anders Lee, Charlie Coyle, Kiefer Sherwood, Mats Zuccarello, Aliaksei Protas

Scratches
Anthony DeAngelo (Healthy), Corson Ceulemans (Healthy), Dyllan Gill (Healthy), Carter Hart (Healthy)

Los Angeles Kings

5 vs 5 Forward 
   Center                   Left Wing                Right Wing               Time % Phy DF OF 
 1 Seth Jarvis              Matthew Boldy            Logan Cooley             30     1   2  2  
 2 Adam Fantilli            Andrei Svechnikov        Andrei Kuzmenko          30     1   2  2  
 3 Jansen Harkins           Vitali Kravtsov          Jackson Blake            25     1   2  2  
 4 Joseph Veleno            Seth Jarvis              Cooper Marody            15     1   2  2  

5 vs 5 Defense 
   Defense                  Defense                                           Time % Phy DF OF 
 1 MacKenzie Weegar         K'Andre Miller                                    30     1   2  2  
 2 Charlie McAvoy           Ryan Suter                                        30     1   2  2  
 3 Alexander Romanov        Jakub Zboril                                      25     1   2  2  
 4 MacKenzie Weegar         K'Andre Miller                                    15     1   2  2  

PowerPlay Forward 
   Center                   Left Wing                Right Wing               Time % Phy DF OF 
 1 Seth Jarvis              Matthew Boldy            Logan Cooley             50     1   2  2  
 2 Adam Fantilli            Andrei Svechnikov        Andrei Kuzmenko          50     1   2  2  

PowerPlay Defense
   Defense                  Defense                                           Time % Phy DF OF 
 1 MacKenzie Weegar         K'Andre Miller                                    50     1   2  2  
 2 Charlie McAvoy           Ryan Suter                                        50     1   2  2  

Penalty Kill 4 Players Forward 
   Center                   Wing                     Time % Phy DF OF 
 1 Seth Jarvis              Matthew Boldy            50     1   2  2  
 2 Logan Cooley             Andrei Svechnikov        50     1   2  2  

Penalty Kill 4 Players Defense
   Defense                  Defense                  Time % Phy DF OF 
 1 MacKenzie Weegar         K'Andre Miller           50     1   2  2  
 2 Charlie McAvoy           Ryan Suter               50     1   2  2  

Penalty Kill - 3 Players Forward 
   Forward                                           Time % Phy DF OF 
 1 Seth Jarvis                                       50     1   2  2  
 2 Matthew Boldy                                     50     1   2  2  

Penalty Kill - 3 Players Defense
   Defense                  Defense                  Time % Phy DF OF 
 1 MacKenzie Weegar         K'Andre Miller           50     1   2  2  
 2 Charlie McAvoy           Ryan Suter               50     1   2  2  

4 vs 4 Forward 
   Center                   Wing                     Time % Phy DF OF 
 1 Seth Jarvis              Matthew Boldy            50     1   2  2  
 2 Logan Cooley             Andrei Svechnikov        50     1   2  2  

4 vs 4 Defense
   Defense                  Defense                  Time % Phy DF OF 
 1 MacKenzie Weegar         K'Andre Miller           50     1   2  2  
 2 Charlie McAvoy           Ryan Suter               50     1   2  2  

Last Minutes Offensive
   Center                   Left Wing                Right Wing               Defense                  Defense                  
   Seth Jarvis              Matthew Boldy            Logan Cooley             MacKenzie Weegar         K'Andre Miller           

Last Minutes Defensive
   Center                   Left Wing                Right Wing               Defense                  Defense                  
   Seth Jarvis              Matthew Boldy            Logan Cooley             MacKenzie Weegar         K'Andre Miller           

Goaltenders
Starting : Andrei Vasilevskiy       
Backup : Victor Ostman            

Extra Forwards
Normal : Mikey Eyssimont, Jansen Harkins, Joseph Veleno - PP : Mikey Eyssimont, Jansen Harkins - PK : Joseph Veleno
Extra Defensemen
Normal : Alexander Romanov, Jakub Zboril, Charlie McAvoy - PP : Alexander Romanov - PK : Jakub Zboril, Charlie McAvoy
Penalty Shots
Seth Jarvis, Matthew Boldy, Logan Cooley, Andrei Svechnikov, Adam Fantilli

Scratches
Evander Kane (Healthy), Drew Helleson (Healthy), Carl Lindbom (Healthy)

% Time on Ice - Arizona Coyotes

Lines # - Real PCT - Wanted PCT - Time Play
Normal Forward
1 - 30% - 30% - 14:05
2 - 28% - 30% - 13:27
3 - 26% - 25% - 12:06
4 - 16% - 15% - 7:49
Normal Defense
1 - 35% - 35% - 16:26
2 - 35% - 33% - 16:38
3 - 24% - 22% - 11:20
4 - 6% - 10% - 3:03
PP Forward
1 - 54% - 50% - 3:28
2 - 46% - 50% - 3:00
PP Defense
1 - 51% - 50% - 3:17
2 - 49% - 50% - 3:11
PK Forward
1 - 45% - 50% - 2:41
2 - 55% - 50% - 3:16
PK Defense
1 - 36% - 50% - 2:09
2 - 64% - 50% - 3:48
PK3 Forward
1 - 0% - 50%
2 - 0% - 50%
PK3 Defense
1 - 0% - 50%
2 - 0% - 50%
44 Forward
1 - 0% - 50%
2 - 0% - 50%
44 Defense
1 - 0% - 50%
2 - 0% - 50%
Last Minute Offensive  - 0:08
Last Minute Defensive  - 0:00
Total
Forward - 60:00
Defense - 60:00

% Time on Ice - Los Angeles Kings

Lines # - Real PCT - Wanted PCT - Time Play
Normal Forward
1 - 29% - 30% - 13:40
2 - 32% - 30% - 15:06
3 - 26% - 25% - 12:14
4 - 14% - 15% - 6:26
Normal Defense
1 - 30% - 30% - 14:05
2 - 31% - 30% - 14:43
3 - 28% - 25% - 13:10
4 - 12% - 15% - 5:28
PP Forward
1 - 38% - 50% - 2:16
2 - 62% - 50% - 3:41
PP Defense
1 - 54% - 50% - 3:11
2 - 46% - 50% - 2:46
PK Forward
1 - 49% - 50% - 3:12
2 - 51% - 50% - 3:16
PK Defense
1 - 41% - 50% - 2:39
2 - 59% - 50% - 3:49
PK3 Forward
1 - 0% - 50%
2 - 0% - 50%
PK3 Defense
1 - 0% - 50%
2 - 0% - 50%
44 Forward
1 - 0% - 50%
2 - 0% - 50%
44 Defense
1 - 0% - 50%
2 - 0% - 50%
Last Minute Offensive  - 0:00
Last Minute Defensive  - 0:09
Total
Forward - 60:00
Defense - 60:00

Play-by-Play

1st period


0:01 of 1st period - Matthew Boldy wins face-off versus Charlie Coyle in neutral zone.
1:36 of 1st period - Wrist shot by Kiefer Sherwood.
1:36 of 1st period - Shot Misses the Net.
1:50 of 1st period - Wrist shot by Mats Zuccarello.
1:50 of 1st period - Deflect By Tyler Bertuzzi.
1:50 of 1st period - Stopped by Andrei Vasilevskiy without a rebound.
1:51 of 1st period - Seth Jarvis wins face-off versus Mason McTavish in Los Angeles Kings zone.
2:13 of 1st period - Icing by Charlie McAvoy.
2:14 of 1st period - Jansen Harkins wins face-off versus Aliaksei Protas in Los Angeles Kings zone.
2:39 of 1st period - K'Andre Miller is hit by Radko Gudas and loses puck.
3:38 of 1st period - Andrei Kuzmenko is hit by Tyler Bertuzzi.
4:42 of 1st period - Snap shot by Ryan Donato.
4:42 of 1st period - Stopped by Andrei Vasilevskiy with a rebound.
4:44 of 1st period - Slapshot by Jared Spurgeon.
4:44 of 1st period - Stopped by Andrei Vasilevskiy without a rebound.
4:45 of 1st period - Jansen Harkins wins face-off versus Aliaksei Protas in Los Angeles Kings zone.
5:00 of 1st period - K'Andre Miller is hit by Radko Gudas and loses puck.
5:20 of 1st period - Off-side.
5:21 of 1st period - Charlie Coyle wins face-off versus Seth Jarvis in neutral zone.
5:23 of 1st period - Off-side.
5:24 of 1st period - Seth Jarvis wins face-off versus Kiefer Sherwood in neutral zone.
5:30 of 1st period - Icing by Johnathan Kovacevic.
5:31 of 1st period - Charlie Coyle wins face-off versus Matthew Boldy in Arizona Coyotes zone.
5:44 of 1st period - Snap shot by Kiefer Sherwood.
5:44 of 1st period - Stopped by Andrei Vasilevskiy with a rebound.
5:46 of 1st period - Wrist shot by Anders Lee.
5:46 of 1st period - Stopped by Andrei Vasilevskiy without a rebound.
5:47 of 1st period - Adam Fantilli wins face-off versus Mason McTavish in Los Angeles Kings zone.
6:14 of 1st period - Johnathan Kovacevic is hit by K'Andre Miller and loses puck.
6:37 of 1st period - Slapshot by Erik Haula.
6:37 of 1st period - Stopped by Andrei Vasilevskiy without a rebound.
6:38 of 1st period - Erik Haula wins face-off versus Jansen Harkins in Los Angeles Kings zone.
6:51 of 1st period - Wrist shot by Ross Colton.
6:51 of 1st period - Shot Blocked by K'Andre Miller.
7:03 of 1st period - Jared Spurgeon is hit by K'Andre Miller and loses puck.
7:17 of 1st period - Seth Jarvis is hit by Nick Seeler and loses puck.
7:30 of 1st period - Snap shot by Tyler Bertuzzi.
7:30 of 1st period - Stopped by Andrei Vasilevskiy with a rebound.
7:32 of 1st period - Slapshot by Radko Gudas.
7:32 of 1st period - Shot Misses the Net.
7:34 of 1st period - Snap shot by Johnathan Kovacevic.
7:34 of 1st period - Stopped by Andrei Vasilevskiy with a rebound.
7:36 of 1st period - Snap shot by Aliaksei Protas.
7:36 of 1st period - Shot Blocked by MacKenzie Weegar.
7:38 of 1st period - Wrist shot by Tyler Bertuzzi.
7:38 of 1st period - Shot Blocked by Seth Jarvis.
7:40 of 1st period - Slapshot by Radko Gudas.
7:40 of 1st period - Shot Misses the Net.
8:00 of 1st period - Slapshot by Adam Fantilli.
8:00 of 1st period - Stopped by Elvis Merzlikins with a rebound.
9:13 of 1st period - Icing by Jansen Harkins.
9:14 of 1st period - Jansen Harkins wins face-off versus Mason McTavish in Los Angeles Kings zone.
9:41 of 1st period - Snap shot by Adam Fantilli.
9:41 of 1st period - Shot Blocked by Charlie Coyle.
9:43 of 1st period - Wrist shot by Matthew Boldy.
9:43 of 1st period - Goal by Matthew Boldy - Arizona Coyotes : 0 - Los Angeles Kings : 1.
9:44 of 1st period - Joseph Veleno wins face-off versus Aliaksei Protas in neutral zone.
10:12 of 1st period - Wrist shot by Kiefer Sherwood.
10:12 of 1st period - Shot Misses the Net.
10:14 of 1st period - Snap shot by Charlie Coyle.
10:14 of 1st period - Goal by Charlie Coyle - Arizona Coyotes : 1 - Los Angeles Kings : 1.
10:15 of 1st period - Seth Jarvis wins face-off versus Mason McTavish in neutral zone.
11:31 of 1st period - Jared Spurgeon is hit by Charlie McAvoy and loses puck.
12:07 of 1st period - Seth Jarvis is hit by Mason McTavish and loses puck.
12:34 of 1st period - Alexander Romanov is hit by Nick Seeler and loses puck.
12:50 of 1st period - Snap shot by Adam Fantilli.
12:50 of 1st period - Stopped by Elvis Merzlikins with a rebound.
12:52 of 1st period - Slapshot by Alexander Romanov.
12:52 of 1st period - Deflect By Jared Spurgeon.
12:52 of 1st period - Stopped by Elvis Merzlikins with a rebound.
12:54 of 1st period - Slapshot by Alexander Romanov.
12:54 of 1st period - Shot Blocked by Jared Spurgeon.
13:16 of 1st period - K'Andre Miller is hit by Kiefer Sherwood.
13:46 of 1st period - Aliaksei Protas is hit by K'Andre Miller and loses puck.
14:56 of 1st period - K'Andre Miller is hit by Nick Seeler and loses puck.
15:03 of 1st period - Wrist shot by Mats Zuccarello.
15:03 of 1st period - Shot Misses the Net.
15:23 of 1st period - Anders Lee is hit by Ryan Suter.
15:33 of 1st period - Ryan Suter is hit by Mason McTavish and loses puck.
15:38 of 1st period - Wrist shot by Ryan Donato.
15:38 of 1st period - Stopped by Andrei Vasilevskiy without a rebound.
15:38 of 1st period - Minor Penalty to Andrei Vasilevskiy for Slashing.
15:39 of 1st period - Charlie Coyle wins face-off versus Logan Cooley in Los Angeles Kings zone.
15:42 of 1st period - Wrist shot by Anders Lee.
15:42 of 1st period - Stopped by Andrei Vasilevskiy with a rebound.
17:38 of 1st period - Penalty to Matthew Boldy is over, Matthew Boldy is back on ice.
17:50 of 1st period - Jansen Harkins is hit by Johnathan Kovacevic and loses puck.
18:05 of 1st period - Snap shot by Andrei Svechnikov.
18:05 of 1st period - Stopped by Elvis Merzlikins without a rebound.
18:06 of 1st period - Mason McTavish wins face-off versus Adam Fantilli in Arizona Coyotes zone.
18:29 of 1st period - Slapshot by Ross Colton.
18:29 of 1st period - Shot Hit the Post.
18:31 of 1st period - Snap shot by Ross Colton.
18:31 of 1st period - Shot Misses the Net.
18:47 of 1st period - Wrist shot by Matthew Boldy.
18:47 of 1st period - Stopped by Elvis Merzlikins with a rebound.
18:49 of 1st period - Snap shot by Matthew Boldy.
18:49 of 1st period - Shot Misses the Net.
18:51 of 1st period - Slapshot by MacKenzie Weegar.
18:51 of 1st period - Shot Misses the Net.
18:53 of 1st period - Slapshot by Matthew Boldy.
18:53 of 1st period - Stopped by Elvis Merzlikins with a rebound.
18:55 of 1st period - Slapshot by MacKenzie Weegar.
18:55 of 1st period - Deflect By Logan Cooley.
18:55 of 1st period - Goal by Logan Cooley - Arizona Coyotes : 1 - Los Angeles Kings : 2.
18:56 of 1st period - Aliaksei Protas wins face-off versus Seth Jarvis in neutral zone.
Goals for this period are 1 for Arizona Coyotes vs 2 for Los Angeles Kings.
Shots for this period are 11 for Arizona Coyotes vs 8 for Los Angeles Kings.

2nd period


0:01 of 2nd period - Aliaksei Protas wins face-off versus Seth Jarvis in neutral zone.
0:06 of 2nd period - Snap shot by Aliaksei Protas.
0:06 of 2nd period - Shot Misses the Net.
0:08 of 2nd period - Slapshot by Radko Gudas.
0:08 of 2nd period - Shot Misses the Net.
0:10 of 2nd period - Snap shot by Aliaksei Protas.
0:10 of 2nd period - Stopped by Andrei Vasilevskiy with a rebound.
0:12 of 2nd period - Wrist shot by Aliaksei Protas.
0:12 of 2nd period - Deflect By Mats Zuccarello.
0:12 of 2nd period - Stopped by Andrei Vasilevskiy with a rebound.
0:30 of 2nd period - Off-side.
0:31 of 2nd period - Charlie Coyle wins face-off versus Adam Fantilli in neutral zone.
0:44 of 2nd period - Snap shot by Charlie Coyle.
0:44 of 2nd period - Stopped by Andrei Vasilevskiy without a rebound.
0:45 of 2nd period - Aliaksei Protas wins face-off versus Seth Jarvis in Los Angeles Kings zone.
1:31 of 2nd period - Icing by Jackson Blake.
1:32 of 2nd period - Charlie Coyle wins face-off versus Jackson Blake in Los Angeles Kings zone.
1:37 of 2nd period - Slapshot by Kiefer Sherwood.
1:37 of 2nd period - Deflect By Anders Lee.
1:37 of 2nd period - Shot Blocked by MacKenzie Weegar.
1:37 of 2nd period - Puck is out of play.
1:38 of 2nd period - Seth Jarvis wins face-off versus Charlie Coyle in Los Angeles Kings zone.
1:53 of 2nd period - Wrist shot by Matthew Boldy.
1:53 of 2nd period - Stopped by Elvis Merzlikins with a rebound.
1:55 of 2nd period - Snap shot by Matthew Boldy.
1:55 of 2nd period - Stopped by Elvis Merzlikins with a rebound.
2:05 of 2nd period - Adam Fantilli is hit by Aliaksei Protas and loses puck.
2:46 of 2nd period - MacKenzie Weegar is hit by Johnathan Kovacevic.
2:54 of 2nd period - Snap shot by Ross Colton.
2:54 of 2nd period - Shot Misses the Net.
2:56 of 2nd period - Slapshot by Johnathan Kovacevic.
2:56 of 2nd period - Deflect By Ross Colton.
2:56 of 2nd period - Shot Blocked by Jansen Harkins.
2:56 of 2nd period - Puck is out of play.
2:57 of 2nd period - Aliaksei Protas wins face-off versus Seth Jarvis in Los Angeles Kings zone.
3:36 of 2nd period - Snap shot by Andrei Svechnikov.
3:36 of 2nd period - Stopped by Elvis Merzlikins with a rebound.
3:42 of 2nd period - Adam Fantilli is hit by Aliaksei Protas and loses puck.
4:05 of 2nd period - Wrist shot by Aliaksei Protas.
4:05 of 2nd period - Stopped by Andrei Vasilevskiy with a rebound.
4:07 of 2nd period - Slapshot by Tyler Bertuzzi.
4:07 of 2nd period - Shot Misses the Net.
4:25 of 2nd period - Wrist shot by Aliaksei Protas.
4:25 of 2nd period - Stopped by Andrei Vasilevskiy with a rebound.
4:27 of 2nd period - Wrist shot by Mats Zuccarello.
4:27 of 2nd period - Shot Misses the Net.
4:55 of 2nd period - Slapshot by Aliaksei Protas.
4:55 of 2nd period - Stopped by Andrei Vasilevskiy without a rebound.
4:56 of 2nd period - Charlie Coyle wins face-off versus Seth Jarvis in Los Angeles Kings zone.
5:02 of 2nd period - Minor Penalty to Logan Cooley for Slashing.
5:03 of 2nd period - Seth Jarvis wins face-off versus Charlie Coyle in Los Angeles Kings zone.
6:01 of 2nd period - Adam Fantilli is hit by Ondrej Palat.
7:02 of 2nd period - Penalty to Logan Cooley is over, Logan Cooley is back on ice.
7:02 of 2nd period - Icing by Charlie Coyle.
7:03 of 2nd period - Jansen Harkins wins face-off versus Kiefer Sherwood in Arizona Coyotes zone.
7:08 of 2nd period - Snap shot by Jackson Blake.
7:08 of 2nd period - Shot Blocked by Anders Lee.
7:10 of 2nd period - Snap shot by Jansen Harkins.
7:10 of 2nd period - Stopped by Elvis Merzlikins without a rebound.
7:11 of 2nd period - Jansen Harkins wins face-off versus Mason McTavish in Arizona Coyotes zone.
7:14 of 2nd period - Wrist shot by Jackson Blake.
7:14 of 2nd period - Shot Misses the Net.
7:43 of 2nd period - Wrist shot by Jackson Blake.
7:43 of 2nd period - Shot Blocked by Jared Spurgeon.
8:03 of 2nd period - Slapshot by Mason McTavish.
8:03 of 2nd period - Stopped by Andrei Vasilevskiy with a rebound.
8:19 of 2nd period - Wrist shot by Ryan Donato.
8:19 of 2nd period - Deflect By Vladimir Tarasenko.
8:19 of 2nd period - Shot Misses the Net.
8:19 of 2nd period - Puck is out of play.
8:20 of 2nd period - Seth Jarvis wins face-off versus Charlie Coyle in Los Angeles Kings zone.
8:20 of 2nd period - Seth Jarvis is hit by Kiefer Sherwood.
8:43 of 2nd period - Icing by Nick Seeler.
8:44 of 2nd period - Adam Fantilli wins face-off versus Charlie Coyle in Arizona Coyotes zone.
8:55 of 2nd period - Wrist shot by Andrei Kuzmenko.
8:55 of 2nd period - Shot Misses the Net.
9:18 of 2nd period - Wrist shot by Erik Haula.
9:18 of 2nd period - Stopped by Andrei Vasilevskiy with a rebound.
9:20 of 2nd period - Slapshot by Matt Dumba.
9:20 of 2nd period - Shot Blocked by Logan Cooley.
9:22 of 2nd period - Wrist shot by Ondrej Palat.
9:22 of 2nd period - Shot Misses the Net.
9:45 of 2nd period - Icing by Adam Fantilli.
9:46 of 2nd period - Mason McTavish wins face-off versus Adam Fantilli in Los Angeles Kings zone.
10:11 of 2nd period - Snap shot by Jackson Blake.
10:11 of 2nd period - Shot Misses the Net.
10:13 of 2nd period - Snap shot by Jackson Blake.
10:13 of 2nd period - Shot Misses the Net.
10:49 of 2nd period - Off-side.
10:50 of 2nd period - Erik Haula wins face-off versus Adam Fantilli in neutral zone.
10:59 of 2nd period - Wrist shot by Ross Colton.
10:59 of 2nd period - Stopped by Andrei Vasilevskiy without a rebound.
11:00 of 2nd period - Seth Jarvis wins face-off versus Charlie Coyle in Los Angeles Kings zone.
11:18 of 2nd period - Off-side.
11:19 of 2nd period - Mason McTavish wins face-off versus Adam Fantilli in neutral zone.
11:22 of 2nd period - Snap shot by Mason McTavish.
11:22 of 2nd period - Stopped by Andrei Vasilevskiy without a rebound.
11:23 of 2nd period - Adam Fantilli wins face-off versus Mason McTavish in Los Angeles Kings zone.
11:30 of 2nd period - Wrist shot by Andrei Svechnikov.
11:30 of 2nd period - Stopped by Elvis Merzlikins with a rebound.
11:48 of 2nd period - Snap shot by Seth Jarvis.
11:48 of 2nd period - Shot Hit the Post.
11:50 of 2nd period - Wrist shot by Seth Jarvis.
11:50 of 2nd period - Goal by Seth Jarvis - Arizona Coyotes : 1 - Los Angeles Kings : 3.
11:51 of 2nd period - Seth Jarvis wins face-off versus Charlie Coyle in neutral zone.
12:18 of 2nd period - Mats Zuccarello is hit by MacKenzie Weegar and loses puck.
12:53 of 2nd period - Slapshot by MacKenzie Weegar.
12:53 of 2nd period - Shot Misses the Net.
12:55 of 2nd period - Slapshot by Jackson Blake.
12:55 of 2nd period - Stopped by Elvis Merzlikins without a rebound.
12:56 of 2nd period - Charlie Coyle wins face-off versus Seth Jarvis in Arizona Coyotes zone.
12:56 of 2nd period - Charlie Coyle is hit by Ryan Suter.
13:12 of 2nd period - Slapshot by Anders Lee.
13:12 of 2nd period - Stopped by Andrei Vasilevskiy with a rebound.
13:18 of 2nd period - Minor Penalty to Matthew Boldy for Delaying the game.
13:19 of 2nd period - Aliaksei Protas wins face-off versus Seth Jarvis in Los Angeles Kings zone.
13:42 of 2nd period - Andrei Svechnikov is hit by Tyler Bertuzzi and loses puck.
13:47 of 2nd period - Wrist shot by Mats Zuccarello.
13:47 of 2nd period - Stopped by Andrei Vasilevskiy with a rebound.
13:49 of 2nd period - Wrist shot by Tyler Bertuzzi.
13:49 of 2nd period - Goal by Tyler Bertuzzi - Arizona Coyotes : 2 - Los Angeles Kings : 3.
13:50 of 2nd period - Seth Jarvis wins face-off versus Charlie Coyle in neutral zone.
13:57 of 2nd period - Slapshot by Johnathan Kovacevic.
13:57 of 2nd period - Shot Misses the Net.
13:59 of 2nd period - Slapshot by Radko Gudas.
13:59 of 2nd period - Stopped by Andrei Vasilevskiy without a rebound.
14:00 of 2nd period - Charlie Coyle wins face-off versus Seth Jarvis in Los Angeles Kings zone.
14:03 of 2nd period - Slapshot by Anders Lee.
14:03 of 2nd period - Shot Misses the Net.
14:53 of 2nd period - Charlie Coyle is hit by Matthew Boldy and loses puck.
15:43 of 2nd period - Logan Cooley is hit by Johnathan Kovacevic and loses puck.
15:57 of 2nd period - Off-side.
15:58 of 2nd period - Andrei Svechnikov wins face-off versus Aliaksei Protas in neutral zone.
16:16 of 2nd period - Minor Penalty to Brayden McNabb for Diving.
16:17 of 2nd period - Adam Fantilli wins face-off versus Vladimir Tarasenko in Arizona Coyotes zone.
17:20 of 2nd period - Radko Gudas is hit by Jansen Harkins and loses puck.
18:16 of 2nd period - Penalty to Brayden McNabb is over, Brayden McNabb is back on ice.
18:32 of 2nd period - Snap shot by Ross Colton.
18:32 of 2nd period - Stopped by Andrei Vasilevskiy without a rebound.
18:33 of 2nd period - Erik Haula wins face-off versus Jansen Harkins in Los Angeles Kings zone.
18:58 of 2nd period - Logan Cooley is hit by Mats Zuccarello and loses puck.
19:57 of 2nd period - Erik Haula is hit by MacKenzie Weegar and loses puck.
Goals for this period are 1 for Arizona Coyotes vs 1 for Los Angeles Kings.
Shots for this period are 15 for Arizona Coyotes vs 7 for Los Angeles Kings.

3rd period


0:01 of 3rd period - Joseph Veleno wins face-off versus Mason McTavish in neutral zone.
0:09 of 3rd period - Off-side.
0:10 of 3rd period - Mason McTavish wins face-off versus Joseph Veleno in neutral zone.
0:19 of 3rd period - Snap shot by Mason McTavish.
0:19 of 3rd period - Shot Blocked by Seth Jarvis.
0:21 of 3rd period - Wrist shot by Ryan Donato.
0:21 of 3rd period - Shot Misses the Net.
0:23 of 3rd period - Slapshot by Jared Spurgeon.
0:23 of 3rd period - Shot Misses the Net.
0:25 of 3rd period - Snap shot by Vladimir Tarasenko.
0:25 of 3rd period - Goal by Vladimir Tarasenko - Arizona Coyotes : 3 - Los Angeles Kings : 3.
0:26 of 3rd period - Aliaksei Protas wins face-off versus Andrei Kuzmenko in neutral zone.
0:30 of 3rd period - Minor Penalty to Ryan Suter for Interference.
0:31 of 3rd period - Seth Jarvis wins face-off versus Aliaksei Protas in Los Angeles Kings zone.
0:31 of 3rd period - Seth Jarvis is hit by Tyler Bertuzzi.
1:05 of 3rd period - Wrist shot by Anders Lee.
1:05 of 3rd period - Stopped by Andrei Vasilevskiy with a rebound.
1:41 of 3rd period - Logan Cooley is hit by Tyler Bertuzzi and loses puck.
2:30 of 3rd period - Penalty to Ryan Suter is over, Ryan Suter is back on ice.
2:40 of 3rd period - Snap shot by Mason McTavish.
2:40 of 3rd period - Shot Misses the Net.
3:33 of 3rd period - Radko Gudas is hit by Andrei Kuzmenko and loses puck.
4:04 of 3rd period - Icing by Joseph Veleno.
4:05 of 3rd period - Matthew Boldy wins face-off versus Erik Haula in Los Angeles Kings zone.
4:12 of 3rd period - Slapshot by Jared Spurgeon.
4:12 of 3rd period - Deflect By Charlie McAvoy.
4:12 of 3rd period - Stopped by Andrei Vasilevskiy without a rebound.
4:13 of 3rd period - Jansen Harkins wins face-off versus Aliaksei Protas in Los Angeles Kings zone.
4:20 of 3rd period - Wrist shot by Jackson Blake.
4:20 of 3rd period - Stopped by Elvis Merzlikins with a rebound.
4:26 of 3rd period - Snap shot by Jansen Harkins.
4:26 of 3rd period - Shot Misses the Net.
5:04 of 3rd period - Slapshot by Andrei Kuzmenko.
5:04 of 3rd period - Shot Blocked by Johnathan Kovacevic.
5:06 of 3rd period - Slapshot by Adam Fantilli.
5:06 of 3rd period - Stopped by Elvis Merzlikins without a rebound.
5:07 of 3rd period - Aliaksei Protas wins face-off versus Adam Fantilli in Arizona Coyotes zone.
5:16 of 3rd period - Snap shot by Mats Zuccarello.
5:16 of 3rd period - Shot Blocked by Adam Fantilli.
5:57 of 3rd period - Alexander Romanov is hit by Brayden McNabb and loses puck.
6:17 of 3rd period - Off-side.
6:18 of 3rd period - Adam Fantilli wins face-off versus Erik Haula in neutral zone.
7:13 of 3rd period - Slapshot by K'Andre Miller.
7:13 of 3rd period - Shot Blocked by Vladimir Tarasenko.
7:28 of 3rd period - Off-side.
7:29 of 3rd period - Charlie Coyle wins face-off versus Andrei Svechnikov in neutral zone.
7:50 of 3rd period - Snap shot by Kiefer Sherwood.
7:50 of 3rd period - Stopped by Andrei Vasilevskiy without a rebound.
7:51 of 3rd period - Tyler Bertuzzi wins face-off versus Seth Jarvis in Los Angeles Kings zone.
7:58 of 3rd period - Wrist shot by Tyler Bertuzzi.
7:58 of 3rd period - Stopped by Andrei Vasilevskiy with a rebound.
8:06 of 3rd period - Snap shot by Logan Cooley.
8:06 of 3rd period - Shot Misses the Net.
8:08 of 3rd period - Slapshot by Alexander Romanov.
8:08 of 3rd period - Shot Misses the Net.
8:27 of 3rd period - Snap shot by Adam Fantilli.
8:27 of 3rd period - Stopped by Elvis Merzlikins without a rebound.
8:28 of 3rd period - Charlie Coyle wins face-off versus Joseph Veleno in Arizona Coyotes zone.
8:43 of 3rd period - Snap shot by Joseph Veleno.
8:43 of 3rd period - Stopped by Elvis Merzlikins with a rebound.
9:18 of 3rd period - Slapshot by MacKenzie Weegar.
9:18 of 3rd period - Stopped by Elvis Merzlikins with a rebound.
9:20 of 3rd period - Slapshot by Alexander Romanov.
9:20 of 3rd period - Shot Misses the Net.
9:22 of 3rd period - Snap shot by Jakub Zboril.
9:22 of 3rd period - Stopped by Elvis Merzlikins without a rebound.
9:23 of 3rd period - Jansen Harkins wins face-off versus Aliaksei Protas in Arizona Coyotes zone.
9:24 of 3rd period - Snap shot by Jackson Blake.
9:24 of 3rd period - Shot Misses the Net.
9:36 of 3rd period - Snap shot by Aliaksei Protas.
9:36 of 3rd period - Stopped by Andrei Vasilevskiy with a rebound.
9:38 of 3rd period - Slapshot by Radko Gudas.
9:38 of 3rd period - Deflect By Mats Zuccarello.
9:38 of 3rd period - Stopped by Andrei Vasilevskiy with a rebound.
9:40 of 3rd period - Snap shot by Radko Gudas.
9:40 of 3rd period - Deflect By Tyler Bertuzzi.
9:40 of 3rd period - Shot Misses the Net.
9:40 of 3rd period - Puck is out of play.
9:41 of 3rd period - Seth Jarvis wins face-off versus Charlie Coyle in Los Angeles Kings zone.
10:08 of 3rd period - Wrist shot by Andrei Svechnikov.
10:08 of 3rd period - Stopped by Elvis Merzlikins with a rebound.
10:12 of 3rd period - Slapshot by Andrei Svechnikov.
10:12 of 3rd period - Shot Misses the Net.
10:14 of 3rd period - Snap shot by Andrei Kuzmenko.
10:14 of 3rd period - Shot Misses the Net.
10:37 of 3rd period - Nick Seeler is hit by Vitali Kravtsov and loses puck.
11:12 of 3rd period - Wrist shot by Kiefer Sherwood.
11:12 of 3rd period - Shot Misses the Net.
11:14 of 3rd period - Snap shot by Kiefer Sherwood.
11:14 of 3rd period - Stopped by Andrei Vasilevskiy without a rebound.
11:15 of 3rd period - Seth Jarvis wins face-off versus Aliaksei Protas in Los Angeles Kings zone.
11:36 of 3rd period - Andrei Svechnikov is hit by Mason McTavish and loses puck.
11:43 of 3rd period - Wrist shot by Adam Fantilli.
11:43 of 3rd period - Deflect By Andrei Kuzmenko.
11:43 of 3rd period - Goal by Andrei Kuzmenko - Arizona Coyotes : 3 - Los Angeles Kings : 4.
11:44 of 3rd period - Seth Jarvis wins face-off versus Aliaksei Protas in neutral zone.
11:48 of 3rd period - Minor Penalty to Aliaksei Protas for Tripping.
11:49 of 3rd period - Anders Lee wins face-off versus Seth Jarvis in Arizona Coyotes zone.
11:54 of 3rd period - Icing by Logan Cooley.
11:55 of 3rd period - Kiefer Sherwood wins face-off versus Seth Jarvis in Los Angeles Kings zone.
12:51 of 3rd period - Mats Zuccarello is hit by Ryan Suter and loses puck.
13:48 of 3rd period - Penalty to Aliaksei Protas is over, Aliaksei Protas is back on ice.
14:07 of 3rd period - Slapshot by Ondrej Palat.
14:07 of 3rd period - Stopped by Andrei Vasilevskiy with a rebound.
15:02 of 3rd period - Anders Lee is hit by Andrei Svechnikov.
15:17 of 3rd period - MacKenzie Weegar is hit by Tyler Bertuzzi and loses puck.
15:41 of 3rd period - Mason McTavish is hit by Jansen Harkins and loses puck.
16:05 of 3rd period - Wrist shot by Ross Colton.
16:05 of 3rd period - Shot Blocked by Logan Cooley.
17:06 of 3rd period - Minor Penalty to Brayden McNabb for Tripping.
17:07 of 3rd period - Kiefer Sherwood wins face-off versus Seth Jarvis in Arizona Coyotes zone.
18:27 of 3rd period - Ryan Suter is hit by Anders Lee.
19:06 of 3rd period - Penalty to Brayden McNabb is over, Brayden McNabb is back on ice.
19:07 of 3rd period - Arizona Coyotes, Elvis Merzlikins is pulled from the net.
19:09 of 3rd period - Snap shot by Vladimir Tarasenko.
19:09 of 3rd period - Shot Blocked by K'Andre Miller.
19:25 of 3rd period - Snap shot by Seth Jarvis.
19:25 of 3rd period - Goal by Seth Jarvis - Arizona Coyotes : 3 - Los Angeles Kings : 5.
19:25 of 3rd period - Elvis Merzlikins from Arizona Coyotes was sent back in the game.
19:26 of 3rd period - Jansen Harkins wins face-off versus Mason McTavish in neutral zone.
19:51 of 3rd period - Seth Jarvis is hit by Jared Spurgeon and loses puck.
Goals for this period are 1 for Arizona Coyotes vs 2 for Los Angeles Kings.
Shots for this period are 9 for Arizona Coyotes vs 9 for Los Angeles Kings.